 Dungeon Crawl Stone Soup version 0.18-a0-1361-g9293dd1 (webtiles) character file.

1761 Fabri the Experimenter (level 8, -9/81 HPs)
             Began as a Deep Dwarf Artificer on Feb 20, 2016.
             Was a Believer of Pakellas.
             Mangled by a warg (14 damage)
             ... on level 7 of the Dungeon on Feb 21, 2016.
             The game lasted 00:45:02 (5993 turns).

Fabri the Experimenter (Deep Dwarf Artificer)       Turns: 5993, Time: 00:45:03

Health: -9/81      AC:  6    Str: 15    XL:     8   Next: 79%
Magic:  3/15       EV: 11    Int: 13    God:    Pakellas [**....]
Gold:   386        SH:  0    Dex: 15    Spells: 0 memorised, 7 levels left

rFire  . . .     SeeInvis .     J - +4 broad axe
rCold  . . .     Gourm    .     t - +0 ring mail
rNeg   . . .     Faith    .     (no shield)
rPois  .         Spirit   .     I - +0 helmet
rElec  .         Dismiss  .     (no cloak)
rCorr  .         Reflect  .     (no gloves)
SustAt .         Harm     .     (no boots)
MR     +....                    (no amulet)
Stlth  +.........               (no ring)
                                (no ring)

@: non-regenerating, somewhat resistant to hostile enchantments, very unstealthy
A: damage resistance, recharge devices, sense surroundings 1, slow regeneration
3
a: Device Recharging, Quick Charge, Renounce Religion


You were on level 7 of the Dungeon.
You worshipped Pakellas.
Pakellas was pleased with you.
You were not hungry.

You visited 2 branches of the dungeon, and saw 8 of its levels.

You collected 386 gold pieces.

Inventory:

Hand Weapons
 D - a +1 mace of pain
 J - a +4 broad axe (weapon)
 K - a +0 shortbow
 M - a +2 short sword of holy wrath
Missiles
 h - 284 stones (quivered)
 i - 81 sling bullets
 l - 41 bolts
 o - 7 poisoned needles
 F - 3 tomahawks
 H - 14 bolts of flame
 O - 43 arrows
Armour
 t - a +0 ring mail (worn)
 I - a +0 helmet (worn)
Wands
 b - a wand of confusion (19/48)
 c - a wand of flame (1/48)
 d - a wand of enslavement (15/24)
 e - a wand of random effects (0/48)
 f - a wand of heal wounds (1/9)
 C - a wand of lightning (0/15)
Scrolls
 j - a scroll of blinking {unknown}
 k - 2 scrolls of teleportation {unknown}
 m - 4 scrolls of identify
 p - 3 scrolls of remove curse
 q - 3 scrolls of enchant weapon {unknown}
 w - a scroll of noise {unknown}
 y - 2 scrolls of random uselessness {unknown}
 A - 2 scrolls of amnesia {unknown}
 E - 3 scrolls of fear {unknown}
 P - a scroll of enchant armour {unknown}
Potions
 n - a potion of agility
 r - 2 potions of mutation
 s - a potion of heal wounds {unknown}
 x - a potion of lignification {unknown}
 z - a potion of flight {unknown}
 G - 2 potions of curing {unknown}
Books
 B - a book of Necromancy

   Spells                             Type                      Level
   a - Pain                           Necromancy                   1
   b - Animate Skeleton               Necromancy                   1
   c - Vampiric Draining              Necromancy                   3
   d - Regeneration                   Charms/Necromancy            3
   e - Animate Dead                   Necromancy                   4
   f - Control Undead                 Necromancy                   4
 N - a book of Debilitation

   Spells                             Type                      Level
   a - Corona                         Hexes                        1
   b - Slow                           Hexes                        2
   c - Gell's Gravitas                Hexes/Translocation          3
   d - Inner Flame                    Hexes/Fire                   3
   e - Cause Fear                     Hexes                        4
   f - Leda's Liquefaction            Hexes/Earth                  4
Comestibles
 a - 4 chunks of flesh
 g - 5 bread rations
 u - 2 meat rations
 v - 2 royal jellies
 L - 2 beef jerkies


   Skills:
 * Level 8.1 Fighting
 - Level 0.8 Short Blades
 - Level 2.1 Dodging
 - Level 1.2 Stealth
 - Level 10.1 Evocations


You had 7 spell levels left.
You didn't know any spells.

Dungeon Overview and Level Annotations

Branches:
Dungeon (7/15)             Temple (1/1) D:6

Altars:
Cheibriados
Dithmenos
Elyvilon
Kikubaaqudgha
Makhleb
Okawaru
Pakellas
Ru
Sif Muna
Trog
Vehumet
Xom
Yredelemnul
Zin
The Shining One

Shops:
D:7 (


Innate Abilities, Weirdness & Mutations

You are resistant to damage.
You can recharge devices by infusing magical energy.
You passively map a small area around you.
You do not regenerate naturally.


Message History

The warg closely misses you. The warg bites you!
* * * LOW HITPOINT WARNING * * *
The warg barely misses you. The warg closely misses you.
Evoke which item? (* to show all) (? for menu, Esc to quit)
Zapping:
f - a wand of heal wounds (1/9)
Press: ? - help, Shift-Dir - straight line, f - you You feel much better.
This wand has 0 charges left.
The warg bites you!
* * * LOW HITPOINT WARNING * * *
The warg bites you.
* * * LOW HITPOINT WARNING * * *
The warg closely misses you. The warg bites you!
* * * LOW HITPOINT WARNING * * *
Charge which item? (? for menu, Esc to quit)
Your wand of heal wounds (0/9) glows for a moment and now has 1 charge.
You feel somewhat more hungry.
You can no longer spend magic to empower your devices.
The warg bites you!
You die...
Pakellas says: Time to find a new assistant...

, , , *, ,≈≈≈...##.#.) , ,
,, , ≈≈≈...##..#. , ,,*
#+###≈≈......... + *
###########...#≈≈#......##
,
..........#.o.#≈≈##.......
,
≈≈≈≈≈≈≈≈≈≈#####≈≈##....###
≈≈≈≈≈≈≈≈≈≈≈≈≈≈≈≈≈##.......
,
≈≈≈≈≈≈≈≈h≈≈≈≈≈≈≈≈.....#...
.......oh@.....P..........
#################.........
, , , #.......## , , *
#......... ,, , ,
#.......## , ,,, ,, *
####.......# , ,,
............# ,
#####.###...#, *
**#.#.....#


You could see 2 wargs and 2 orcs.

Vanquished Creatures
  The ghost of Dustman the Firebug, a novice HuFE of Ru (D:7)
  A hungry ghost (D:7)
  3 ogres
  A centaur (D:7)
  2 giant frogs
  A giant frog zombie (D:6)
  A jelly (D:6)
  5 hounds
  2 orc priests (D:5)
  3 orc wizards
  4 worker ants
  A mummy (D:4)
  8 adders
  8 gnolls
  A shadow imp (D:4)
  An ooze (D:1)
  2 adder skeletons
  5 worms
  6 giant geckos
  31 orcs
  A ball python (D:3)
  11 giant cockroaches
  9 goblins
  7 hobgoblins
  8 jackals
  6 kobolds
  5 quokkas
  10 bats
  A giant gecko skeleton (D:4)
  3 giant newts
  2 hobgoblin zombies (D:4)
  2 kobold zombies (D:4)
  7 rats
159 creatures vanquished.

Notes
Turn   | Place    | Note
--------------------------------------------------------------
     0 | D:1      | Fabri the Deep Dwarf Artificer began the quest for the Orb.
     0 | D:1      | Reached XP level 1. HP: 16/16 MP: 3/3
   145 | D:1      | Reached XP level 2. HP: 21/24 MP: 5/5
   245 | D:1      | Reached skill level 5 in Evocations
   512 | D:1      | Reached XP level 3. HP: 16/30 MP: 7/7
  1058 | D:2      | Reached skill level 6 in Evocations
  1316 | D:2      | Found an oddly glowing altar of Pakellas.
  1330 | D:2      | Became a worshipper of Pakellas the Inventive
  1332 | D:2      | Reached XP level 4. HP: 20/37 MP: 8/8
  1856 | D:3      | Reached skill level 7 in Evocations
  1934 | D:3      | Found a glowing golden altar of the Shining One.
  2058 | D:3      | Reached * piety under Pakellas
  2247 | D:3      | Reached XP level 5. HP: 18/43 MP: 10/10
  2334 | D:3      | Reached skill level 8 in Evocations
  2359 | D:3      | HP: 2/43 [gnoll/halberd (14)]
  2813 | D:3      | Found a bloodstained altar of Trog.
  2820 | D:3      | Found an iron altar of Okawaru.
  3081 | D:4      | Noticed an ogre
  3087 | D:4      | Killed an ogre
  3087 | D:4      | Reached skill level 9 in Evocations
  3087 | D:4      | Reached XP level 6. HP: 31/50 MP: 5/13
  3497 | D:4      | Reached ** piety under Pakellas
  3497 | D:4      | Received a gift from Pakellas
  3629 | D:4      | Reached skill level 10 in Evocations
  3842 | D:4      | Reached skill level 1 in Fighting
  4301 | D:5      | Entered Level 5 of the Dungeon
  4313 | D:5      | Reached XP level 7. HP: 16/60 MP: 14/14
  4375 | D:5      | Found a white marble altar of Elyvilon.
  4996 | D:6      | Reached skill level 5 in Fighting
  5232 | D:6      | Found a staircase to the Ecumenical Temple.
  5241 | D:6      | Found a burning altar of Makhleb.
  5265 | D:6      | Reached XP level 8. HP: 21/75 MP: 10/15
  5287 | Temple   | Entered the Ecumenical Temple
  5523 | D:6      | Found a glowing silver altar of Zin.
  5523 | D:6      | Noticed a blizzard demon
  5523 | D:6      | Noticed an angel
  5686 | D:6      | Found a sacrificial altar of Ru.
  5731 | D:7      | Noticed Dustman's ghost (novice HuFE)
  5737 | D:7      | Killed Dustman's ghost
  5760 | D:7      | Found Beawoi's Weapon Boutique.
  5967 | D:7      | Reached *** piety under Pakellas
  5993 | D:7      | Mangled by a warg

Vault maps used:
D:1:      dpeg_arrival_ternary, kennysheep_crisscross, nrook_mini_vaults
D:2:      lemuel_doored_altar, grunt_ministairs_12, kennysheep_decorative_pillar
D:3:      amethyst_overflow_temple_binary, overflow_temple_1_default,
          first_bread
D:4:      minmay_mini_ossuary
D:5:      basic_altar, grunt_ministairs_3, kennysheep_nondescript
D:6:      grunt_temple_overflow_order_and_chaos_2, kennysheep_little_box,
          temple_statues
D:7:      lemuel_castle_with_subvaults, grunt_temple_overflow_open,
          nemelex_deck, serial_shops, nicolae_shop_competitors_out_of_business,
          grunt_livestock, uniq_prince_ribbit1
Temple:   hc_temple_tempest_star

Action                   |  1- 3 |  4- 6 |  7- 9 || total
-------------------------+-------+-------+-------++-------
Melee: Short sword       |   229 |    21 |    29 ||   279
       Dagger            |       |   278 |       ||   278
       Mace              |       |    22 |    13 ||    35
       Broad axe         |       |       |    93 ||    93
Invok: Quick Charge      |       |     1 |     7 ||     8
Evoke: Wand              |    12 |    34 |    21 ||    67
  Use: Scroll            |       |     3 |       ||     3
 Stab: Sleeping          |     2 |       |       ||     2
       Paralysed         |       |     4 |       ||     4
       Confused          |       |     2 |     4 ||     6
  Eat: Chunk             |     2 |     9 |     9 ||    20
       Meat ration       |       |       |     1 ||     1
